 Dungeon Crawl Stone Soup version 0.22-a0-369-gc73351f (webtiles) character file.

2929 Amnesiac the Archer (level 9, -9/65 HPs)
             Began as a Mummy Fighter on Apr 24, 2018.
             Was a Believer of Okawaru.
             Killed by divine providence
             ... invoked by an orc priest
              (10 damage)
             ... on level 9 of the Dungeon.
             The game lasted 00:11:28 (7680 turns).

Amnesiac the Archer (Mummy Fighter)                 Turns: 7680, Time: 00:11:28

Health: -9/65      AC:  9    Str: 22    XL:     9   Next: 50%
Magic:  0/10       EV: 13    Int:  7    God:    Okawaru [**....]
Gold:   282        SH:  0    Dex: 12    Spells: 8/8 levels left

rFire    . . .     SeeInvis +   b - +1 dagger (elec)
rCold    + . .     Gourm    .   (no shield)
rNeg     + + +     Faith    .   p - +0 ring mail {rF+}
rPois    ∞         Spirit   +   v - +1 helmet
rElec    .         Reflect  .   j - scarf {Spirit}
rCorr    .         Harm     +   (no gloves)
MR       +....                  l - +0 pair of boots
Stlth    +.........             u - amulet of harm
HPRegen  0.20/turn              o - ring of see invisible
MPRegen  0.12/turn              (no ring)

@: very slightly contaminated
A: no food or potions, fire vulnerability, cold resistance 1, negative energy
resistance 3, torment resistance, unbreathing
a: Heroism, Renounce Religion


You were on level 9 of the Dungeon.
You worshipped Okawaru.
Okawaru was pleased with you.
You were not hungry.

You visited 2 branches of the dungeon, and saw 10 of its levels.

You collected 282 gold pieces.

Inventory:

Hand Weapons
 a - a +0 shortbow
 b - a +1 dagger of electrocution (weapon)
 w - a +0 arbalest
Missiles
 d - 112 arrows
 q - 36 bolts
Armour
 e - a +0 plate armour
 j - a scarf of spirit shield (worn)
 l - a +0 pair of boots (worn)
 p - a +0 ring mail of fire resistance (worn)
 v - a +1 helmet (worn)
Jewellery
 o - a ring of see invisible (left hand)
 u - an amulet of harm (around neck)
Scrolls
 f - 8 scrolls of remove curse {!r}
 h - a scroll of identify {!r}
 i - a scroll of amnesia {!r}
 m - a scroll of enchant weapon {!r}
 n - a scroll of fog {!r}


   Skills:
 - Level 4.1 Fighting
   Level 2.0 Long Blades
 + Level 8.3 Bows
 - Level 4.5 Armour
 - Level 4.5 Dodging
   Level 3.0 Shields
 - Level 2.2 Invocations


You had 8 spell levels left.
You didn't know any spells.

Dungeon Overview and Level Annotations

Branches:
Dungeon (9/15)             Temple (1/1) D:4            Lair (0/6) D:8
    Orc: D:9-12

Altars:
Cheibriados
Dithmenos
Elyvilon
Fedhas
Okawaru
Qazlal
Ru
Trog
Uskayaw
Vehumet
Xom
Yredelemnul
Zin
The Shining One

Shops:
D:5 *


Innate Abilities, Weirdness & Mutations

You do not eat or drink.
Your flesh is vulnerable to fire.
You are immune to poison.
Your flesh is cold resistant. (rC+)
You are immune to negative energy. (rN+++)
You are immune to unholy pain and torment.
You can survive without breathing.


Message History

The wyvern barely misses you. The wyvern closely misses you.
The wyvern bites you!
* * * LOW HITPOINT WARNING * * *
Okay, then.
The wyvern closely misses you.
Really read
k - a scroll of blinking {!r}?
Blink to where?
Press: ? - help, Dir - move target cursor You are very lightly contaminated with residual magic.
As you read the scroll of blinking {!r}, it crumbles to dust.
You open the door. 2 jackals come into view.
The jackal barks! x2
A jackal comes into view.
A jackal comes into view.
The jackal barks! x2
The jackal bites you but does no damage.
The crocodile bites you.
* * * LOW HITPOINT WARNING * * *
Found an escape hatch in the floor.
There is an open door here.
The jackal barely misses you.
An ogre comes into view. It is wielding a giant spiked club.
The ogre shouts!
There is an escape hatch in the floor here.
You slide downwards.
The hatch slams shut behind you.
A hound and an orc priest come into view.
The hound barks!
The orc priest shouts!
You hear a shout! x2
An orc and an orc warrior come into view.
The orc warrior shouts!
The orc moves out of view.
An adder skeleton comes into view.
You aren't carrying any items that you can evoke.
Okay, then.
You don't have enough magic at the moment.
The hound closely misses you. The hound bites you but does no damage.
The hound completely misses you. The hound misses you.
Wield which item (- for none, * to show all)? (? for menu, Esc to quit)
Okay, then.
Wield which item (- for none, * to show all)? (? for menu, Esc to quit)
You hear the crackle of electricity.
b - a +1 dagger of electrocution (weapon)
You hit the hound.
The hound is heavily wounded.
The hound bites you.
* * * LOW HITPOINT WARNING * * *
The hound bites you but does no damage.
You can't drink.
Okay, then.
Okay, then.
You hit the hound.
The hound is severely wounded.
The hound misses you.
You closely miss the hound.
The hound is severely wounded.
The hound bites you but does no damage. The hound bites you.
* * * LOW HITPOINT WARNING * * *
Unknown command.
The orc priest calls down the wrath of Beogh upon you.
Beogh smites you!
You die...

###### . #....#
#.##....###
#........o#
#....# ###
####....###o...
.........o...##
#####...####..#
###oo.h@#
##Z##.....#
#..###...# ##..
...# ### ....
.###. #


You could see an orc warrior, a hound, an orc priest and an adder skeleton.

Vanquished Creatures
  A two-headed ogre (D:5)
  A slime creature (D:6)
  The ghost of zero the Covert, an amateur SpEn (D:4)
  Duvessa (D:7)
  An orc warrior (D:6)
  A sky beast (D:7)
  An ice beast (D:3)
  3 centaurs
  4 bullfrogs
  Dowan (D:7)
  A scorpion (D:4)
  A howler monkey (D:4)
  A bullfrog zombie (D:4)
  A crimson imp (D:7)
  8 jellies
  5 orc priests
  2 orc wizards
  2 iguanas
  Natasha (thrice) (D:1)
  4 worker ants
  A worker ant zombie (D:7)
  9 adders
  A gnoll (D:1)
  10 oozes
  An adder skeleton (D:5)
  2 worms
  A dart slug (D:1)
  3 leopard geckos
  15 orcs
  6 bats
  7 giant cockroaches
  7 goblins
  8 hobgoblins
  2 jackals (D:3)
  3 quokkas
  A ball python (D:3)
  3 frilled lizards
  7 kobolds
  A leopard gecko skeleton (D:5)
  13 rats
144 creatures vanquished.

Vanquished Creatures (others)
  7 fungi (D:6)
7 creatures vanquished.

Grand Total: 151 creatures vanquished

Notes
Turn   | Place    | Note
-------+----------+-------------------------------------------
     0 | D:1      | Amnesiac the Mummy Fighter began the quest for the Orb.
     0 | D:1      | Reached XP level 1. HP: 18/18 MP: 1/1
    45 | D:1      | Reached skill level 1 in Dodging
    49 | D:1      | Reached XP level 2. HP: 20/24 MP: 2/2
   440 | D:1      | Reached XP level 3. HP: 26/29 MP: 3/3
   817 | D:2      | Noticed Natasha
   849 | D:1      | Killed Natasha
   849 | D:1      | Reached XP level 4. HP: 25/35 MP: 4/4
   979 | D:1      | Noticed Natasha
   990 | D:1      | Killed Natasha
  1025 | D:1      | Noticed Natasha
  1332 | D:1      | Killed Natasha
  1535 | D:2      | You fall through a shaft!
  1548 | D:3      | Reached XP level 5. HP: 41/41 MP: 5/5
  1704 | D:3      | Noticed an ice beast
  1725 | D:3      | Killed an ice beast
  2518 | D:3      | Reached XP level 6. HP: 28/47 MP: 6/6
  2789 | D:3      | Found a sacrificial altar of Ru.
  3694 | D:4      | Noticed zero's ghost (amateur SpEn)
  3887 | D:4      | Reached XP level 7. HP: 51/53 MP: 7/7
  3894 | D:5      | Entered Level 5 of the Dungeon
  4073 | D:4      | Killed zero's ghost
  4188 | D:4      | Found a stormy altar of Qazlal.
  4262 | D:4      | Found a staircase to the Ecumenical Temple.
  4274 | Temple   | Entered the Ecumenical Temple
  4311 | Temple   | Became a worshipper of Warmaster Okawaru
  4481 | D:5      | Found a glowing silver altar of Zin.
  4481 | D:5      | Found Zin's Purification Station.
  4523 | D:5      | Found a shadowy altar of Dithmenos.
  4623 | D:5      | Reached skill level 1 in Invocations
  4774 | D:5      | Found a basalt altar of Yredelemnul.
  4774 | D:5      | Found a bloodstained altar of Trog.
  4784 | D:5      | Reached skill level 1 in Bows
  5062 | D:5      | Noticed a two-headed ogre
  5642 | D:6      | Reached skill level 2 in Bows
  5642 | D:6      | Reached XP level 8. HP: 59/60 MP: 9/9
  5923 | D:6      | You fall through a shaft!
  5976 | D:7      | Noticed Duvessa
  5986 | D:7      | Noticed Dowan
  5991 | D:7      | Killed Duvessa
  5991 | D:7      | Reached skill level 3 in Bows
  6000 | D:7      | Killed Dowan
  6000 | D:7      | Reached * piety under Okawaru
  6209 | D:5      | Reached skill level 4 in Bows
  6252 | D:5      | Killed a two-headed ogre
  6252 | D:5      | Reached skill level 6 in Bows
  6288 | D:6      | Reached XP level 9. HP: 57/65 MP: 10/10
  6597 | D:6      | Reached skill level 7 in Bows
  6906 | D:7      | Reached ** piety under Okawaru
  6906 | D:7      | Reached skill level 8 in Bows
  6943 | D:7      | Found a blossoming altar of Fedhas.
  6948 | D:7      | Found a stormy altar of Qazlal.
  7575 | D:8      | Noticed a two-headed ogre
  7607 | D:8      | Found a staircase to the Lair.
  7608 | D:8      | Noticed a komodo dragon
  7658 | D:8      | HP: 2/65 [wyvern (10)]
  7664 | D:8      | HP: 2/65 [crocodile (1)]
  7677 | D:9      | HP: 2/65 [hound (2)]
  7680 | D:9      | Killed from afar by an orc priest

Vault maps used:
D:1:      ncdulo_lavacross, minmay_misc_feat_encased
D:2:      uniq_natasha
D:3:      hangedman_ru_absence
D:4:      minmay_temple_entry_nine_rooms, minmay_misc_feat_pillars,
          grunt_qazlal_clouds
D:5:      gammafunk_temple_overflow_wave, zin_purify, first_ration,
          grunt_dithmenos_smoke
D:6:      lemuel_slime, minivault_27
D:7:      grunt_temple_overflow_forces_of_nature, serial_glass, glass_columns_a,
          glass_columns_b, glass_columns_b, glass_columns_a, glass_columns_a,
          glass_columns_a, minmay_misc_feat_cross, uniq_duvessa
D:8:      erik_lair_dragon
D:9:      serial_shops, kennysheep_mini, blue_anna_alchemist, uniq_pikel,
          uniq_maurice
Temple:   regret_index_temple_sphere_string

Skill      XL: |  1  2  3  4  5  6  7  8  9 |
---------------+----------------------------+-----
Dodging        | 1 2 3 4 |  4.5
Shields        | 3 |  3.0
Armour         | 3 4 |  4.5
Long Blades    | 2 |  2.0
Fighting       | 4 |  4.1
Invocations    | 2 |  2.2
Bows           | 2 6 8 |  8.3

Action                   |  1- 3 |  4- 6 |  7- 9 || total
-------------------------+-------+-------+-------++-------
Melee: Long sword        |   135 |   165 |       ||   300
       Short sword       |       |    50 |       ||    50
       Dagger            |       |    12 |   210 ||   222
 Fire: Arbalest          |       |       |    40 ||    40
Invok: Heroism           |       |       |     4 ||     4
  Use: Scroll            |       |     5 |     5 ||    10
Armor: Scale mail        |    11 |       |       ||    11
       Plate armour      |   110 |   168 |   122 ||   400
       Ring mail         |       |       |    15 ||    15
Dodge: Dodged            |    35 |    43 |    81 ||   159
Block: Shield            |    57 |   109 |    88 ||   254
       Rpst.: Long sword |    10 |    15 |       ||    25

Table legend:
 A = Spawn XP
 B = Non-spawn XP
 C = Spawn XP percentage of total XP
 D = Spawn monster count
 E = Non-spawn monster count
 F = Spawn count percentage of total count
 G = Total turns spent on level
                    A         B        C        D         E        F      G
               +---------+---------+-------+---------+---------+-------+---------
         Total |       0 |    4185 |   0.0 |       0 |     144 |   0.0 |  7680
               +---------+---------+-------+---------+---------+-------+---------
           D:1 |       0 |     171 |   0.0 |       0 |      35 |   0.0 |  1311
           D:2 |       0 |      31 |   0.0 |       0 |      18 |   0.0 |   882
           D:3 |       0 |     315 |   0.0 |       0 |      26 |   0.0 |  1149
           D:4 |       0 |     505 |   0.0 |       0 |      12 |   0.0 |   973
           D:5 |       0 |    1287 |   0.0 |       0 |      13 |   0.0 |  1104
           D:6 |       0 |    1182 |   0.0 |       0 |      24 |   0.0 |  1256
           D:7 |       0 |     634 |   0.0 |       0 |      13 |   0.0 |   780
           D:8 |       0 |      26 |   0.0 |       0 |       2 |   0.0 |   137
        Temple |       0 |      34 |   0.0 |       0 |       1 |   0.0 |    77
               +---------+---------+-------+---------+---------+-------+---------
